 Dungeon Crawl Stone Soup version 0.21-a0-110-g8e1637b (webtiles) character file.

87 Lianjan the Charlatan (level 4, 0/32 HPs)
             Began as a Demonspawn Artificer on July 11, 2017.
             Slain by a centaur (3 damage)
             ... on level 3 of the Dungeon.
             The game lasted 00:03:45 (2396 turns).

Lianjan the Charlatan (Demonspawn Artificer)        Turns: 2396, Time: 00:03:45

Health: 0/32       AC:  7    Str: 12    XL:     4   Next: 28%
Magic:  7/7        EV: 14    Int: 14    God:
Gold:   110        SH:  0    Dex: 13    Spells: 3/3 levels left

rFire    . . .     SeeInvis .   a - +0 short sword
rCold    . . .     Gourm    .   (no shield)
rNeg     . . .     Faith    .   m - +0 ring mail
rPois    .         Spirit   .   (no helmet)
rElec    .         Reflect  .   (no cloak)
rCorr    .         Harm     .   k - +0 pair of gloves
MR       .....                  b - +0 pair of boots
Stlth    +.........             (no amulet)
HPRegen  0.10/turn              u - +2 ring of evasion
MPRegen  0.10/turn              (no ring)

@: no status effects
A: sturdy frame 2
a: no special abilities


You were on level 3 of the Dungeon.
You were not hungry.

You visited 1 branch of the dungeon, and saw 3 of its levels.

You collected 110 gold pieces.

Inventory:

Hand Weapons
 a - a +0 short sword (weapon)
 n - a +0 hunting sling
Missiles
 h - 47 stones (quivered)
Armour
 b - a +0 pair of boots (worn)
 k - a +0 pair of gloves (worn)
 m - a +0 ring mail (worn)
Jewellery
 u - a +2 ring of evasion (left hand)
Wands
 c - a wand of flame (14/48)
 d - a wand of enslavement (15/24)
 e - a wand of random effects (15/48)
Scrolls
 j - 5 scrolls of identify {unknown}
 q - a scroll of recharging {unknown}
 s - a scroll of enchant armour {unknown}
 t - 2 scrolls of remove curse {unknown}
Potions
 g - a potion of mutation {unknown}
 i - 2 potions of curing {unknown}
 o - a potion of brilliance {unknown}
 p - a potion of resistance {unknown}
 r - 3 potions of berserk rage {unknown}
Comestibles
 f - 6 bread rations
 l - 2 meat rations
 v - a royal jelly
 w - a chunk of flesh


   Skills:
 + Level 1.0 Fighting
 - Level 0.8 Short Blades
 - Level 1.7 Dodging
 - Level 0.8 Stealth
 * Level 5.1 Evocations


You had 3 spell levels left.
You didn't know any spells.

Dungeon Overview and Level Annotations

Branches:
Dungeon (3/15)

Altars:
Elyvilon
Yredelemnul


Innate Abilities, Weirdness & Mutations

Your movements are less encumbered by armour. (ER -4)


Message History

The centaur is heavily wounded.
The centaur completely misses you.
You hit the centaur but do no damage.
The centaur is heavily wounded.
The centaur barely misses you. x2
You hit the centaur but do no damage.
The centaur is heavily wounded.
The centaur barely misses you.
You barely miss the centaur.
The centaur is heavily wounded.
The centaur closely misses you. The centaur hits you.
* * * LOW HITPOINT WARNING * * *
Evoke which item? (* to show all) (? for menu, Esc to quit)
Aiming: Throw Flame
Press: ? - help, Shift-Dir - straight line, f - centaur
Aim: a centaur (heavily wounded)
The puff of flame hits the centaur.
The centaur is almost dead.
This wand has 14 charges left.
The centaur hits you.
You die...

#.#
#.####
#.#
#.....
#.#
#####.
#(##
#.
#..##
#.
#.#(#
#<
##(##
#. #(#
#. #@#
#. #c#
#. #r#
#. #.#
#. #.#
#. #.#
#..
###


You could see a centaur and a rat.

Vanquished Creatures
  2 adders (D:2)
  2 worms
  2 dart slugs
  3 leopard geckos
  2 ball pythons
  6 bats
  3 giant cockroaches
  8 goblins
  9 hobgoblins
  3 kobolds
  6 frilled lizards
  7 rats
53 creatures vanquished.

Notes
Turn   | Place    | Note
-------+----------+-------------------------------------------
     0 | D:1      | Lianjan the Demonspawn Artificer began the quest for the Orb.
     0 | D:1      | Reached XP level 1. HP: 15/15 MP: 3/3
   277 | D:1      | Gained mutation: Your movements are slightly less encumbered by armour. (ER -2) [demonic ancestry]
   277 | D:1      | Reached XP level 2. HP: 19/21 MP: 4/4
   495 | D:1      | Reached skill level 4 in Evocations
   732 | D:1      | Reached XP level 3. HP: 16/26 MP: 6/6
  1107 | D:2      | Found a white marble altar of Elyvilon.
  1415 | D:2      | Gained mutation: Your movements are less encumbered by armour. (ER -4) [demonic ancestry]
  1415 | D:2      | Reached XP level 4. HP: 28/32 MP: 7/7
  1518 | D:2      | Reached skill level 5 in Evocations
  2148 | D:2      | Found a basalt altar of Yredelemnul.
  2379 | D:3      | Noticed a centaur
  2396 | D:3      | Slain by a centaur

Vault maps used:
D:1:      scummos_arrival_checkerplants, minmay_tripent
D:2:      lemuel_round_altar, elyvilon_altar_1
D:3:      marbit_many_paths

Skill      XL: |  1  2  3  4 |
---------------+-------------+-----
Evocations     | 4 5 |  5.1
Fighting       | |  1.0
Short Blades   | |  0.8
Dodging        | |  1.7
Stealth        | |  0.8

Action                   |  1- 3 |  4- 6 || total
-------------------------+-------+-------++-------
Melee: Short sword       |   198 |    71 ||   269
Evoke: Wand              |       |     1 ||     1
 Stab: Sleeping          |     2 |       ||     2
  Eat: Chunk             |     2 |     3 ||     5
Armor: Leather armour    |    28 |       ||    28
       Ring mail         |    61 |    10 ||    71
Dodge: Dodged            |   139 |    53 ||   192
